 Dungeon Crawl Stone Soup version 0.18-a0-943-g2c08dd4 (webtiles) character file.

21 Dirtsage the Ruffian (level 2, -2/22 HPs)
             Began as a Demonspawn Gladiator on Dec 28, 2015.
             Slain by a hobgoblin (4 damage)
             ... on level 2 of the Dungeon.
             The game lasted 00:01:21 (728 turns).

Dirtsage the Ruffian (Demonspawn Gladiator)          Turns: 728, Time: 00:01:21

Health: -2/22      AC:  9    Str: 15    XL:     2   Next: 62%
Magic:  2/2        EV:  7    Int:  9    God:
Gold:   31         SH:  0    Dex: 13    Spells: 0 memorised, 1 level left

rFire  . . .     SeeInvis .       - Unarmed
rCold  . . .     Gourm    .     j - +0 chain mail (curse)
rNeg   . . .     Faith    .     (no shield)
rPois  .         Spirit   .     b - +0 helmet
rElec  .         Dismiss  .     (no cloak)
rCorr  .         Reflect  .     (no gloves)
SustAt .         Harm     .     (no boots)
MR     .....                    (no amulet)
Stlth  ..........               (no ring)
                                (no ring)

@: lethally poisoned (-2 -> -3), not resistant to hostile enchantments,
extremely unstealthy
A: powered by death 1
a: no special abilities


You were on level 2 of the Dungeon.
You were not hungry.

You visited 1 branch of the dungeon, and saw 2 of its levels.

You collected 31 gold pieces.

Inventory:

Missiles
 c - 3 throwing nets {=f, !d}
Armour
 b - a +0 helmet (worn)
 j - a cursed +0 chain mail (worn)
   (You found it on level 1 of the Dungeon)
Scrolls
 e - 5 scrolls of identify {unknown}
 i - a scroll of remove curse {unknown}
 k - a scroll of random uselessness {unknown}
Potions
 a - a potion of brilliance {unknown}
Comestibles
 d - 2 bread rations {@e1}
 f - a beef jerky
 g - 2 meat rations {@e2}
 h - a slice of pizza


   Skills:
 - Level 2.0 Fighting
 - Level 1.7 Throwing
 - Level 2.6 Dodging
 + Level 3.6 Unarmed Combat


You had one spell level left.
You didn't know any spells.

Dungeon Overview and Level Annotations

Branches:
Dungeon (2/15)

Altars:


Innate Abilities, Weirdness & Mutations

You regenerate a little health from kills.


Message History

You hit the goblin.
You kill the goblin!
No target in view!
You feel less regenerative.
Done exploring.
Health restored: 22
There is a stone staircase leading down here.
You climb downwards.
An adder, 2 goblins and a hobgoblin come into view.
The hobgoblin shouts!
The goblin shouts!
The goblin shouts!
Found 41 stones, 16 gold pieces and a scroll labeled AGEFFI BERASSAWUL.
Found a stone staircase leading up.
There is a stone staircase leading up here.
There are monsters nearby!
The hobgoblin barely misses you.
You closely miss the hobgoblin.
Your chain mail prevents you from hitting the hobgoblin.
The hobgoblin hits you but does no damage.
You barely miss the goblin. The hobgoblin barely misses you.
The goblin closely misses you. The goblin barely misses you.
You miss the goblin. The hobgoblin hits you. The goblin closely misses you.
The goblin completely misses you.
You take 4 damage, and have 18/22 hp.
You hit the goblin. The hobgoblin barely misses you.
The goblin hits you but does no damage. x2
The adder closely misses you.
You hit the goblin.
You kill the goblin!
The hobgoblin hits you but does no damage.
The goblin hits you but does no damage. The adder bites you but does no damage.
You hit the adder but do no damage.
The hobgoblin hits you but does no damage.
The adder bites you but does no damage. The goblin hits you but does no damage.
You miss the adder. The adder bites you but does no damage.
The hobgoblin hits you. The goblin hits you but does no damage.
You take 1 damage, and have 19/22 hp.
You hit the adder. The adder bites you but does no damage.
The hobgoblin hits you. The goblin hits you but does no damage.
You take 1 damage, and have 18/22 hp.
You hit the adder. The adder bites you but does no damage.
The hobgoblin barely misses you. The goblin hits you with a dagger.
You closely miss the adder. The adder bites you but does no damage.
The hobgoblin hits you. The adder bites you but does no damage.
Your chain mail prevents you from hitting the adder.
The goblin hits you with a dagger. The adder bites you. The hobgoblin hits you.
You take 3 damage, and have 15/22 hp.
You closely miss the adder. The goblin barely misses you.
The adder completely misses you.
You miss the adder.
The hobgoblin hits you but does no damage.
The goblin hits you but does no damage. The adder bites you but does no damage.
You miss the adder. The adder barely misses you.
The hobgoblin hits you but does no damage.
The goblin hits you but does no damage. The adder bites you.
You are poisoned.
The adder poisons you!
You take 2 damage, and have 15/22 hp.
You hit the hobgoblin.
You feel less regenerative.
You feel sick. The hobgoblin closely misses you.
The goblin hits you but does no damage. The adder bites you.
You take 3 damage, and have 12/22 hp.
You hit the hobgoblin. The hobgoblin barely misses you.
The goblin barely misses you. The adder completely misses you.
The hobgoblin closely misses you. The goblin hits you with a dagger.
You see here a dagger.
You take 1 damage, and have 11/22 hp.
You closely miss the hobgoblin.
You feel sick. The adder completely misses you.
The hobgoblin hits you but does no damage.
The goblin hits you but does no damage.
You take 1 damage, and have 10/22 hp.
Your chain mail prevents you from hitting the hobgoblin.
The adder bites you but does no damage. The hobgoblin hits you.
The goblin hits you but does no damage. The adder bites you but does no damage.
You take 2 damage, and have 8/22 hp.
Your chain mail prevents you from hitting the hobgoblin.
The hobgoblin hits you but does no damage.
The goblin barely misses you. The adder barely misses you.
You hit the hobgoblin but do no damage. The hobgoblin barely misses you.
The adder bites you but does no damage. The goblin hits you but does no damage.
You hit the hobgoblin but do no damage.
You feel sick. The adder bites you but does no damage.
The hobgoblin closely misses you. The goblin hits you but does no damage.
You closely miss the hobgoblin. The adder bites you but does no damage.
The hobgoblin hits you but does no damage.
The goblin hits you with a dagger.
You take 1 damage, and have 7/22 hp.
You closely miss the hobgoblin. The adder bites you but does no damage.
The hobgoblin hits you but does no damage.
The goblin hits you but does no damage. The adder bites you but does no damage.
You closely miss the hobgoblin. The adder bites you but does no damage.
The hobgoblin hits you.
* * * LOW HITPOINT WARNING * * *
The goblin hits you but does no damage.
You take 4 damage, and have 3/22 hp.
Unknown command.
You barely miss the hobgoblin.
* * * LOW HITPOINT WARNING * * *
You feel sick. The adder bites you but does no damage. The hobgoblin hits you.
You die...

#...........#
#...........#
#...........#
#...........#
#...........#
#......(....#
#.....g.....#
#....@S.....#
#....g......#
#...........#
###.........#
#.........#
##..$.....#
#......(.#
#........#


You could see an adder, a hobgoblin and a goblin.

Vanquished Creatures
  A giant gecko (D:1)
  2 giant cockroaches (D:1)
  2 goblins
  A hobgoblin (D:1)
  8 jackals (D:1)
  A kobold (D:1)
  2 rats (D:1)
17 creatures vanquished.

Notes
Turn   | Place    | Note
--------------------------------------------------------------
     0 | D:1      | Dirtsage the Demonspawn Gladiator began the quest for the Orb.
     0 | D:1      | Reached XP level 1. HP: 16/16 MP: 1/1
    81 | D:1      | Reached skill level 3 in Unarmed Combat
   211 | D:1      | Gained mutation: You regenerate a little health from kills. [demonic ancestry]
   211 | D:1      | Reached XP level 2. HP: 22/22 MP: 2/2
   727 | D:2      | HP: 3/22 [hobgoblin (4)]
   728 | D:2      | Slain by a hobgoblin

Vault maps used:
D:1:      lightli_arrival_statuegarden, minivault_24, minivault_24
D:2:      nicolae_overflow_hidden_temple

Action                   || total
-------------------------++-------
Melee: Unarmed           ||   112

Vault maps used:
D:1:      lightli_arrival_statuegarden, minivault_24, minivault_24
D:2:      nicolae_overflow_hidden_temple

Table legend:
 A = Turns spent in this place as a percentage of turns spent in the entire game.
 B = Non-inter-level travel turns spent in this place as a percentage of non-inter-level travel turns spent in the entire game.
 C = Inter-level travel turns spent in this place as a percentage of turns spent in this place.
 D = Turns resting spent in this place as a percentage of non-inter-level travel turns spent in this place.
 E = Turns spent auto-exploring this place as a percentage of non-inter-level travel turns spent in this place.
 F = Non-inter-level travel turns spent in this place divided by the number of levels of this place that you've seen.
                   A       B       C       D       E      F
               +-------+-------+-------+-------+-------+----------------------
         Total | 100.0 | 100.0 |   0.5 |   0.0 |  10.4 |  96.5
       Dungeon | 100.0 | 100.0 |   0.5 |   0.0 |  10.4 |  96.5
               +-------+-------+-------+-------+-------+----------------------

Table legend:
 A = Kills in this place as a percentage of kills in entire the game.
 B = Kills by you in this place as a percentage of kills by you in the entire game.
 C = Kills by friends in this place as a percentage of kills by friends in the entire game.
 D = Other kills in this place as a percentage of other kills in the entire game.
 E = Experience gained in this place as a percentage of experience gained in the entire game.
 F = Experience gained in this place divided by the number of levels of this place that you have seen.
                   A       B       C       D       E      F
               +-------+-------+-------+-------+-------+----------------------
         Total | 100.0 | 100.0 |  -nan |  -nan | 100.0 |  15.0
       Dungeon | 100.0 | 100.0 |  -nan |  -nan | 100.0 |  15.0
               +-------+-------+-------+-------+-------+----------------------
